 Dungeon Crawl Stone Soup version 0.16-a0-3761-g2321f2b (console) character file.

115 Monkaria the Skirmisher (level 5, -1/44 HPs)
             Began as a Human Wanderer on Jan 24, 2015.
             Slain by Monkaria's ghost (10 damage)
             ... on level 3 of the Dungeon.
             The game lasted 00:05:17 (1992 turns).

Monkaria the Skirmisher (Human Wanderer)            Turns: 1992, Time: 00:05:18

Health: -1/44      AC:  8    Str: 13    XL:     5   Next: 20%
Magic:  5/5        EV:  8    Int: 10    God:
Gold:   148        SH:  7    Dex: 15    Spells: 0 memorised, 4 levels left

rFire  . . .     SeeInvis .     c - +0 short sword
rCold  . . .     Clarity  .     o - +0 ring mail
rNeg   . . .     SustAb   .     a - +0 shield
rPois  .         Gourm    .     (no helmet)
rElec  .         Spirit   .     (no cloak)
rCorr  .         Warding  .     x - +0 pair of gloves
rMut   .         Stasis   .     v - +0 pair of boots
MR     .....                    (no amulet)
Stlth  +.........               (no ring)
                                (no ring)

@: not resistant to hostile enchantments, very unstealthy
A: no striking features
a: no special abilities


You were on level 3 of the Dungeon.
You were very hungry.

You visited 1 branch of the dungeon, and saw 3 of its levels.

You collected 148 gold pieces.

Inventory:

Hand weapons
 c - a +0 short sword (weapon)
 d - a +0 blowgun
Missiles
 e - 7 poisoned needles
 q - 5 needles of slowing
Armour
 a - a +0 shield (worn)
 o - a +0 ring mail (worn)
 v - a +0 pair of boots (worn)
 x - a +0 pair of gloves (worn)
Scrolls
 g - a scroll of immolation {unknown}
 h - 8 scrolls of identify {unknown}
 i - a scroll of blinking {unknown}
 j - a scroll of fog {unknown}
 k - a scroll of enchant weapon {unknown}
 m - a scroll of recharging {unknown}
 r - a scroll of remove curse {unknown}
 u - a scroll of teleportation {unknown}
 w - a scroll of amnesia {unknown}
Potions
 b - 2 potions of curing
 l - 2 potions of agility {unknown}
 p - 3 potions of heal wounds {unknown}
 t - a potion of brilliance {unknown}
Comestibles
 f - a bread ration
 n - a meat ration


   Skills:
 - Level 5.0 Fighting
 - Level 1.0 Short Blades
   Level 1.0 Crossbows
 - Level 1.0 Throwing
 - Level 4.0 Armour
 + Level 1.5 Dodging
 - Level 1.0 Stealth
 - Level 1.0 Shields


You had 4 spell levels left.
You didn't know any spells.

Dungeon Overview and Level Annotations

Branches:
Dungeon (3/15)

Altars:
The Shining One

Annotations:
D:3 Monkaria's ghost, weakling DsGl


Message History

You block the jackal's attack. Monkaria's ghost hits you.
You closely miss the jackal.
The jackal is heavily wounded.
You block the jackal's attack. Monkaria's ghost barely misses you.
The jackal bites you but does no damage.
Your shield prevents you from hitting the jackal.
The jackal is heavily wounded.
The jackal bites you. Monkaria's ghost hits you. You block the jackal's attack.
You closely miss the jackal.
The jackal is heavily wounded.
Monkaria's ghost hits you!
* * * LOW HITPOINT WARNING * * *
The jackal bites you but does no damage.
You barely miss the jackal.
The jackal is heavily wounded.
The jackal pauses to sniff the ground.
The jackal bites you.
* * * LOW HITPOINT WARNING * * *
Monkaria's ghost hits you!
You die...

#.# #.# #.# #####'## #......#
#......#######
###########..<.........#
.......................#####.#
............h@W....<...[......
############.#.#.#....###.#.#
#.#.#.#.##..##...
#.#.#.###....#.#
###.#............#
#.....#.###.#..###.# #.#.#.#.#
#.#....... #...#.#.#
#.#..##### #####.#..
..##.#####


You could see Monkaria's ghost and a jackal.

Vanquished Creatures
  3 gnolls (D:2)
  3 adders
  A worm (D:3)
  A giant gecko (D:1)
  2 orcs (D:3)
  7 bats
  3 giant cockroaches
  7 hobgoblins
  2 jackals (D:2)
  A quokka (D:3)
  A giant newt (D:2)
  7 goblins
  6 kobolds
  8 rats
52 creatures vanquished.

Notes
Turn   | Place    | Note
--------------------------------------------------------------
     0 | D:1      | Monkaria, the Human Wanderer, began the quest for the Orb.
     0 | D:1      | Monkaria set off with: a +0 shield, a potion of curing, 11 poisoned needles, a +0 blowgun, a +0 robe, a bread ration
     0 | D:1      | Reached XP level 1. HP: 21/21 MP: 1/1
    47 | D:1      | Reached skill level 1 in Armour
    77 | D:1      | Reached XP level 2. HP: 15/27 MP: 2/2
   403 | D:1      | Reached XP level 3. HP: 31/33 MP: 3/3
  1155 | D:2      | Found a glowing golden altar of the Shining One.
  1256 | D:2      | Reached XP level 4. HP: 39/39 MP: 4/4
  1378 | D:3      | Reached XP level 5. HP: 39/44 MP: 5/5
  1401 | D:3      | Noticed Monkaria's ghost (weakling DsGl)
  1495 | D:3      | Reached skill level 1 in Dodging
  1992 | D:3      | Slain by Monkaria's ghost

Action                   |  1- 3 |  4- 6 || total
-------------------------+-------+-------++-------
Melee: Short sword       |    41 |    72 ||   113
 Fire: Blowgun           |    82 |    38 ||   120
 Stab: Sleeping          |     9 |       ||     9
  Eat: Chunk             |       |     2 ||     2
